 Dungeon Crawl Stone Soup version 0.25.0-46-gbd7b085 (webtiles) character file.

Game seed: 6676045853499485694

380 Inchmeat the Cleaver (level 6, -9/50 HPs)
             Began as a Hill Orc Gladiator on July 14, 2020.
             Killed by nerve-wracking pain
             ... invoked by Grinder
              (12 damage)
             ... on level 3 of the Dungeon.
             The game lasted 00:02:13 (3202 turns).

Inchmeat the Cleaver (Hill Orc Gladiator)           Turns: 3202, Time: 00:02:14

Health: -9/50      AC:  7    Str: 19    XL:     6   Next: 75%
Magic:  6/6        EV: 10    Int:  8    God:
Gold:   96         SH:  0    Dex: 12    Spells: 5/5 levels left

rFire    . . .     SeeInvis .   a - +0 war axe
rCold    . . .     Gourm    .   (no shield)
rNeg     . . .     Faith    .   o - +0 scale mail
rPois    .         Spirit   .   c - +0 helmet
rElec    .         Reflect  .   (no cloak)
rCorr    .         Harm     .   (no gloves)
MR       .....                  (no boots)
Stlth    ..........             (no amulet)
HPRegen  0.16/turn              (no ring)
MPRegen  0.10/turn              (no ring)

@: no status effects
A: no striking features
a: no special abilities


You were on level 3 of the Dungeon.
You were not hungry.

You visited 1 branch of the dungeon, and saw 3 of its levels.

You collected 96 gold pieces.

Inventory:

Hand Weapons
 a - a +0 war axe (weapon)
Missiles
 d - a throwing net (quivered)
Armour
 b - a +0 leather armour
 c - a +0 helmet (worn)
 o - a +0 scale mail (worn)
Jewellery
 q - an uncursed amulet of faith {unknown}
Wands
 p - a wand of random effects (20)
Scrolls
 e - 3 scrolls of remove curse {unknown}
 h - 3 scrolls of identify {unknown}
 k - a scroll of fog {unknown}
 l - 2 scrolls of enchant armour {unknown}
 n - a scroll of enchant weapon {unknown}
Potions
 g - a potion of degeneration {unknown}
 j - a potion of might {unknown}
 m - a potion of flight {unknown}
Comestibles
 f - 3 rations
 i - 7 chunks of flesh


   Skills:
 - Level 2.7 Fighting
 + Level 9.3 Axes
 - Level 2.0 Throwing
 - Level 2.6 Dodging


You had 5 spell levels left.
You didn't know any spells.
Your spell library was empty.

Dungeon Overview and Level Annotations

Branches:
Dungeon (3/15)

Altars:
Dithmenos
Hepliaklqana

Annotations:
D:3 Grinder


Message History

Grinder struggles against tha net.
Ye hit Grinder.
Grinder be moderately wounded.
Grinder gestures at ye.
Ye resist wit' significant effort.
Grinder struggles against tha net.
Ye hit Grinder but do nay damage.
Grinder be lightly wounded.
Ye slash Grinder!
Grinder be moderately wounded.
Grinder gestures at ye.
Ye sudd'nly lose tha ability ta move!
Grinder struggles against tha net.
Tha net rips apart, an' Grinder comes free!
Grinder gestures at ye.
Pain shoots through yer body!
* * * LOW HITPOINT WARNIN'
* * * Grinder blinks!
Ye can move again.
Grinder gestures at ye.
Pain shoots through yer body!
Ye die...

#### ## ##.)## .5#
###.##.##.# #..##.##.#
#.##.##.# #
##.##.@.#...# .#
#####..###########.#
....................#
..........###.....######
..........# #...........
########### #.....#.....
#.....#.#### #.....#.#
#.....#.#


You could see Grinder.

Vanquished Creatures
  Sigmund (D:2)
  A scorpion (D:2)
  Crazy Yiuf (D:2)
  Jessica (D:2)
  An adder (D:2)
  4 gnolls
  2 oozes
  A dart slug (D:1)
  4 leopard geckos
  7 bats
  5 giant cockroaches
  8 goblins
  7 hobgoblins
  9 kobolds
  5 frilled lizards
  6 rats
63 creatures vanquished.

Notes
Turn   | Place    | Note
-------+----------+-------------------------------------------
     0 | D:1      | Inchmeat the Hill Orc Gladiator began the quest for the
                  | Orb.
     0 | D:1      | Reached XP level 1. HP: 18/18 MP: 1/1
    30 | D:1      | Reached XP level 2. HP: 16/25 MP: 2/2
   270 | D:1      | Reached XP level 3. HP: 25/30 MP: 3/3
   347 | D:1      | Reached skill level 5 in Axes
  1459 | D:2      | Reached XP level 4. HP: 37/37 MP: 4/4
  1685 | D:2      | Reached skill level 6 in Axes
  1941 | D:2      | Noticed Sigmund
  1954 | D:2      | Killed Sigmund
  1954 | D:2      | Reached skill level 8 in Axes
  1954 | D:2      | Reached XP level 5. HP: 36/42 MP: 5/5
  1954 | D:2      | Reached XP level 6. HP: 43/50 MP: 6/6
  2137 | D:2      | Noticed Jessica
  2140 | D:2      | Killed Jessica
  2302 | D:2      | Found a shadowy altar of Dithmenos.
  2302 | D:2      | Noticed a shadow
  2795 | D:2      | Found a hazy altar of Hepliaklqana.
  2891 | D:2      | Found a runed translucent door.
  2892 | D:2      | Noticed Crazy Yiuf
  2901 | D:2      | Killed Crazy Yiuf
  2901 | D:2      | Reached skill level 9 in Axes
  3184 | D:3      | Noticed Grinder
  3187 | D:3      | Paralysed by Grinder for 7 turns
  3198 | D:3      | Paralysed by Grinder for 4 turns
  3200 | D:3      | HP: 2/50 [Grinder/nerve-wracking pain (10)]
  3202 | D:3      | Killed from afar by Grinder

Illustrated notes

Levels and vault maps discovered:
D:1:      minmay_arrival_shattered_statue, layout_loops_ring
D:2:      layout_loops_corners, riverfiend_overflow_shadow_ancestor,
          st_stairs_14, uniq_jessica, uniq_sigmund, uniq_crazy_yiuf_cottage
D:3:      layout_basic, marbit_many_paths, first_ration, uniq_ijyb, uniq_robin,
          uniq_grinder

Skill      XL: |  1  2  3  4  5  6 |
---------------+-------------------+-----
Throwing       | 2 |  2.0
Axes           | 5 8 9 |  9.3
Fighting       | |  2.7
Dodging        | |  2.6

Action                   |  1- 3 |  4- 6 || total
-------------------------+-------+-------++-------
Melee: War axe           |    85 |    86 ||   171
Throw: Throwing net      |       |     3 ||     3
  Use: Potion            |       |     2 ||     2
  Eat: Chunk             |     2 |     5 ||     7
Armor: Leather armour    |    30 |     5 ||    35
       Scale mail        |       |    21 ||    21
Dodge: Dodged            |    63 |    42 ||   105
